 Dungeon Crawl Stone Soup version 0.25-a0-937-gcfae464cf3 (webtiles) character file.

Game seed: 13456155585214786088, levelgen mode: deterministic

885 gruber the Frost Mage (level 7, -4/36 HPs)
             Began as a Deep Elf Ice Elementalist on May 4, 2020.
             Slain by a mummy (13 damage)
             ... in an ossuary.
             The game lasted 00:08:42 (6124 turns).

gruber the Frost Mage (Deep Elf Ice Elementalist)   Turns: 6124, Time: 00:08:43

Health: -4/36      AC:  7    Str:  5    XL:     7   Next: 76%
Magic:  10/18      EV: 13    Int: 22    God:
Gold:   77         SH:  3    Dex: 15    Spells: 7/19 levels left

rFire    . . .     SeeInvis .   h - +3 short sword
rCold    . . .     Gourm    .   (no shield)
rNeg     . . .     Faith    .   a - +0 robe
rPois    .         Spirit   .   (no helmet)
rElec    .         Reflect  +   j - +0 cloak
rCorr    .         Harm     .   (no gloves)
MR       .....                  (no boots)
Stlth    ++........             r - +3 amulet of reflection
HPRegen  0.12/turn              q - +4 ring of protection
MPRegen  0.16/turn              (no ring)

@: frozen ramparts
A: no striking features
a: no special abilities


You were in an ossuary.
You were not hungry.

You visited 1 branch of the dungeon, and saw 5 of its levels.
You also visited: Ossuary.

You collected 192 gold pieces.
You spent 115 gold pieces at shops.

Inventory:

Hand Weapons
 h - a +3 short sword (weapon)
Missiles
 l - 6 poisoned darts (quivered)
Armour
 a - a +0 robe (worn)
 j - a +0 cloak (worn)
Jewellery
 q - a +4 ring of protection (left hand)
 r - a +3 amulet of reflection (around neck)
Scrolls
 b - a scroll of immolation {unknown}
 d - 7 scrolls of identify
 e - 5 scrolls of teleportation
 g - a scroll of fear {unknown}
 i - 2 scrolls of remove curse
 k - a scroll of fog {unknown}
 m - 2 scrolls of amnesia {unknown}
Potions
 f - a potion of stabbing {unknown}
 o - a potion of curing {unknown}
 p - a potion of flight {unknown}
 s - a potion of degeneration {unknown}
 t - a potion of mutation {unknown}
Comestibles
 c - 4 rations


   Skills:
 - Level 2.4 Dodging
 - Level 2.4 Stealth
 - Level 6.5 Spellcasting
 + Level 4.5 Summonings
 - Level 8.2 Ice Magic


You had 7 spell levels left.
You knew the following spells:

 Your Spells              Type           Power        Failure   Level  Hunger
a - Freeze                Ice            ####         1%          1    None
b - Frozen Ramparts       Ice            #####.       1%          3    #......
c - Hailstorm             Conj/Ice       ####....     16%         4    ###....
d - Summon Ice Beast      Ice/Summ       #####...     6%          4    ###....

Your spell library contained the following spells:

 Spells                   Type           Power        Failure   Level  Hunger
 Ozocubu's Armour         Chrm/Ice       ####....     4%          3    #......
 Corona                   Hex            #......      9%          1    None
 Slow                     Hex            #.......     13%         2    None
 Inner Flame              Hex/Fire       #.......     26%         3    #......
 Portal Projectile        Hex/Tloc       #.....       26%         3    #......
 Cause Fear               Hex            #.........   65%         4    ###....
 Leda's Liquefaction      Hex/Erth       #.........   65%         4    ###....


Dungeon Overview and Level Annotations

Branches:
Dungeon (5/15)            Ossuary (1/1)
 Temple: D:4-7

Altars:

Shops:
D:4 *

Annotations:
Ossuary Menkaure


Message History

Unknown command.
Unknown command.
You are too injured to fight recklessly!
Unknown command.
Unknown command.
Your ice beast barely misses Menkaure.
Menkaure hits your ice beast!
Your ice beast dies!
The mummy resists.
The wall freezes the mummy!
Your ice beast hits Menkaure but does no damage.
Unknown command.
Unknown command.
You hit the mummy.
The mummy is severely damaged.
Menkaure calls on the powers of darkness!
Your ice beast convulses!
Your body is wracked with pain!
* * * LOW HITPOINT WARNING * * *
Your ice beast closely misses Menkaure.
The mummy resists.
The wall freezes the mummy.
The mummy hits you!
You die...

##'###'###'###'#####..#
...#...#...#...#...#..#
####'#####'#####§#.#..#
..#....#....#....#.'..#
..#....#....#....###..#
..#....#....#....#.#..#
..#....#....#....#.#..#
##################.'..#
..# .......'..M@###..#
..# .......#.MY.#.#..#
..# .?!?...#....'.#..#
..# !!$!M..#....#.'..#
### ?$∩$!..########..#
..# !?$!?..#....'.#..#
..# .???...#....#.#..#
..# .......#....#.'..#
..# #....###..#


You could see Menkaure, a mummy and a friendly ice beast.

Vanquished Creatures
  Sigmund (D:4)
  A water moccasin (D:5)
  An ogre (D:4)
  2 howler monkeys (D:4)
  A centaur zombie (Ossuary)
  A hound (D:4)
  Crazy Yiuf (D:2)
  An iguana (D:4)
  2 worker ants
  2 ogre zombies (Ossuary)
  A hound skeleton (D:4)
  2 mummies (Ossuary)
  A howler monkey skeleton (D:5)
  4 adders
  3 adder zombies (Ossuary)
  5 leopard geckos
  3 orcs
  9 bats
  8 giant cockroaches
  8 goblins
  12 hobgoblins
  14 kobolds
  A quokka (D:4)
  A ball python (D:1)
  9 frilled lizards
  4 goblin zombies (Ossuary)
  5 hobgoblin zombies (Ossuary)
  6 kobold zombies (Ossuary)
  2 quokka zombies (Ossuary)
  15 rats
  5 rat zombies (Ossuary)
131 creatures vanquished.

Vanquished Creatures (collateral kills)
  A centaur zombie (Ossuary)
  An ogre zombie (Ossuary)
  3 mummies (Ossuary)
5 creatures vanquished.

Grand Total: 136 creatures vanquished

Notes
Turn   | Place    | Note
-------+----------+-------------------------------------------
     0 | D:1      | gruber the Deep Elf Ice Elementalist began the quest for
                  | the Orb.
     0 | D:1      | Reached XP level 1. HP: 10/10 MP: 6/6
   301 | D:1      | Reached XP level 2. HP: 13/15 MP: 5/8
   426 | D:1      | Reached skill level 5 in Ice Magic
   793 | D:1      | Reached XP level 3. HP: 19/19 MP: 7/9
   798 | D:1      | Learned a level 3 spell: Frozen Ramparts
  1815 | D:2      | Reached XP level 4. HP: 24/24 MP: 3/12
  2066 | D:2      | Found a runed translucent door.
  2067 | D:2      | Noticed Crazy Yiuf
  2359 | D:2      | Reached skill level 6 in Ice Magic
  2619 | D:2      | Killed Crazy Yiuf
  3110 | D:3      | Reached XP level 5. HP: 28/28 MP: 13/13
  3140 | D:3      | Learned a level 4 spell: Hailstorm
  3145 | D:3      | Learned a level 4 spell: Summon Ice Beast
  3677 | D:4      | Noticed Sigmund
  3686 | D:4      | Killed Sigmund
  3686 | D:4      | Reached skill level 5 in Spellcasting
  3686 | D:4      | Reached skill level 7 in Ice Magic
  3686 | D:4      | Reached XP level 6. HP: 20/32 MP: 8/16
  3833 | D:4      | Found Xeteu's Assorted Antiques.
  3991 | D:4      | Bought a pearl ring for 115 gold pieces
  4146 | D:4      | Reached skill level 8 in Ice Magic
  4146 | D:4      | Reached XP level 7. HP: 34/36 MP: 14/18
  4493 | D:5      | Entered Level 5 of the Dungeon
  4629 | D:5      | Found a sand-covered staircase.
  4747 | Ossuary  | Entered an ossuary
  5284 | Ossuary  | Noticed Menkaure
  6124 | Ossuary  | Slain by a mummy

Levels and vault maps discovered:
D:1:      dpeg_arrival_signposts, layout_basic, serial_bayou_pond_b
D:2:      layout_loops_ring, moated_statue, uniq_crazy_yiuf_cottage
D:3:      layout_loops_ring, kennysheep_generic_room_10
D:4:      layout_basic, serial_shops, shop, lemuel_another_geyser, uniq_sigmund
D:5:      layout_loops_ring, marbit_many_paths, serial_shops,
          nicolae_shop_statue_plus, nicolae_ossuary_entry_plus, first_ration
Ossuary:  ossuary_boxes_badplayer

Skill      XL: |  1  2  3  4  5  6  7 |
---------------+----------------------+-----
Ice Magic      | 5 6 7 8 |  8.2
Spellcasting   | 4 5 6 |  6.5
Summonings     | 4 |  4.5
Dodging        | |  2.4
Stealth        | |  2.4

Action                   |  1- 3 |  4- 6 |  7- 9 || total
-------------------------+-------+-------+-------++-------
Melee: Unarmed           |    12 |       |       ||    12
       Short sword       |       |    63 |   126 ||   189
Throw: Dart              |       |     4 |     1 ||     5
 Cast: Freeze            |    53 |    39 |     4 ||    96
       Frozen Ramparts   |     2 |     4 |    15 ||    21
       Hailstorm         |       |     1 |       ||     1
       Summon Ice Beast  |       |       |     8 ||     8
  Use: Scroll            |       |     3 |       ||     3
 Stab: Sleeping          |       |     4 |     9 ||    13
       Distracted        |       |     1 |     2 ||     3
  Eat: Chunk             |     3 |     7 |     2 ||    12
       Ration            |       |       |     2 ||     2
Armor: Robe              |     6 |    24 |    23 ||    53
Dodge: Dodged            |    37 |    64 |    62 ||   163
Block: Other             |       |     2 |    15 ||    17

Table legend:
 A = Non-vault XP
 B = Vault XP
 C = Vault XP percentage of total XP
 D = Non-vault monster count
 E = Vault monster count
 F = Vault count percentage of total count
                 A         B        C        D         E       F
            +---------+---------+-------+---------+---------+-------
      Total |     732 |     533 |  42.1 |      91 |      45 |  33.1
            +---------+---------+-------+---------+---------+-------
        D:1 |      46 |       8 |  14.8 |      27 |       7 |  20.6
        D:2 |      80 |      39 |  32.8 |      24 |       1 |   4.0
        D:3 |      46 |       1 |   2.1 |      20 |       1 |   4.8
        D:4 |     396 |     227 |  36.4 |      17 |       1 |   5.6
        D:5 |     164 |       0 |   0.0 |       3 |       0 |   0.0
    Ossuary |       0 |     258 | 100.0 |       0 |      35 | 100.0
            +---------+---------+-------+---------+---------+-------
